 Dungeon Crawl Stone Soup version 0.30-a0-651-g0755cc6dcf (webtiles) character file.

Game seed: 5750856022552936047

2380 Errthou the Cleaver (level 9, -14/105 HPs)
             Began as a Minotaur Berserker on Jan 17, 2023.
             Was an Elder of Trog.
             Demolished by an orc warrior
             ... wielding a +0 broad axe
              (23 damage)
             ... in a bailey.
             The game lasted 00:18:11 (6213 turns).

Errthou the Cleaver (Minotaur Berserker)            Turns: 6213, Time: 00:18:11

Health: -14/105    AC:  9    Str: 26    XL:     9   Next: 22%
Magic:  8/8        EV: 11    Int:  4    God:    Trog [****..]
Gold:   266        SH:  0    Dex: 10    Spells: 8/8 levels left

rFire   + . .      SeeInvis .    a - +0 hand axe
rCold   . . .      Faith    .    (no shield)
rNeg    . . .      Spirit   .    w - +2 ring mail {rF+}
rPois   .          Reflect  .    (helmet restricted)
rElec   .          Harm     .    b - +0 cloak
rCorr   .          Rampage  .    k - +0 pair of gloves
Will    .....                    (no boots) Stlth
                                 (no amulet)
HPRegen 0.37/turn                (no ring)
MPRegen 0.11/turn                (no ring)

@: berserking, very quick
A: horns 2, retaliatory headbutt
a: Renounce Religion, Berserk, Trog's Hand, Brothers in Arms


You were in a bailey.
You worshipped Trog.
Trog was greatly pleased with you.
You visited 1 branch of the dungeon, and saw 7 of its levels.
You also visited: Bailey.

You collected 266 gold pieces.

Inventory:

Hand Weapons
 a - a +0 hand axe (weapon)
Missiles
 d - 65 stones (quivered)
Armour
 b - a +0 cloak (worn)
 k - a +0 pair of gloves (worn)
 w - a +2 ring mail of fire resistance (worn)
Jewellery
 s - an amulet of magic regeneration
Wands
 A - a wand of mindburst (14)
Scrolls
 i - 2 scrolls of summoning {unknown}
 l - 5 scrolls of blinking {unknown}
 o - 2 scrolls of teleportation {unknown}
 r - 2 scrolls of poison {unknown}
 u - a scroll of silence {unknown}
 v - 2 scrolls of vulnerability {unknown}
 x - a scroll of amnesia {unknown}
 z - 3 scrolls of enchant weapon {unknown}
 B - a scroll of fear {unknown}
Potions
 c - 2 potions of berserk rage {unknown}
 e - 3 potions of heal wounds
 f - a potion of resistance {unknown}
 g - 3 potions of invisibility {unknown}
 h - 6 potions of curing
 j - 5 potions of brilliance
 m - a potion of attraction {unknown}
 n - 2 potions of flight {unknown}
 p - a potion of haste {unknown}
 q - 3 potions of degeneration
 t - 4 potions of magic
 C - 2 potions of mutation {unknown}


   Skills:
 - Level 3.6 Fighting
 + Level 14.4 Axes
 - Level 3.0 Throwing
 - Level 2.4 Armour
 - Level 2.1 Dodging


You had 8 spell levels left.
You didn't know any spells.
Your spell library was empty.

Dungeon Overview and Level Annotations

Branches:
Dungeon (7/15)             Temple (0/1) D:6          Bailey (1/1)

Altars:
Fedhas
Kikubaaqudgha
Sif Muna
Vehumet
The Shining One

Shops:
D:6 (!(


Innate Abilities, Weirdness & Mutations

You have a pair of horns on your head.
You reflexively headbutt those who attack you in melee.


Message History

Trog accepts your kill.
There is an open door, spattered with blood here.
Items here: ))))) [[[[[ †.
You hit the orc warlord but do no damage.
You hit the orc warrior but do no damage.
You slash the orc warlord!
The orc warlord is lightly wounded.
You barely miss the orc warrior. You slash the orc warlord!
You headbutt the orc warlord.
The orc warlord is moderately wounded.
You slash the orc warrior!
The orc warrior hits you with a +0 war axe!!
The orc warlord hits you with a +5 battleaxe!
You hit the orc warlord. You headbutt the orc warlord!
The orc warlord is moderately wounded.
You barely miss the orc warrior. You hit the orc warrior.
You barely miss the orc warlord. Your headbutt misses the orc warlord.
The orc warlord is moderately wounded.
You hit the orc warrior. You closely miss the orc warrior.
The orc warrior no longer looks unusually strong.
The orc warrior hits you with a +0 broad axe!
* * * LOW HITPOINT WARNING * * *
The orc warrior hits you with a +0 war axe!
* * * LOW HITPOINT WARNING * * *
The orc warlord roars a battlecry!
The orc warrior goes into a battle-frenzy!
You hit the orc warlord.
The orc warlord is moderately wounded.
You hit the orc warrior. You closely miss the orc warrior.
You barely miss the orc warlord. You headbutt the orc warlord.
The orc warlord is heavily wounded.
You hit the orc warrior. x2
You closely miss the orc warlord. Your headbutt misses the orc warlord.
The orc warlord is heavily wounded.
You hit the orc warrior but do no damage.
You slash the orc warrior!
You kill the orc warrior!
Trog accepts your kill.
The orc warrior hits you with a +0 broad axe!!
You die...

#...........#..........
#...........#..........
###.).......###.......))
###.#)#.....###.###.....#)
###..)))###.###....
###.###.
##....)))..###......
###...
#..........8##...... #....
#..........8#o...... #....
#∩....⌠.....@og..... #....
#..........8#)g..... #....
#..........8##...... #....
##.........###......
###... ###....)###.###....
###.###.
###.#)#.....###.###.....#'
###)).......###.........
#...........#..........
#...........#..........


You could see an orc warlord, an orc warrior (strong), a gnoll and a hobgoblin.

Vanquished Creatures
  A water moccasin (D:6)
  A black bear (D:7)
  11 orc warriors (Bailey)
  A centaur (D:7)
  A kobold brigand (D:6)
  2 phantoms (D:5)
  A necrophage (D:4)
  3 scorpions (D:5)
  A howler monkey (D:6)
  2 jellies
  An orc priest (D:7)
  2 hounds
  3 iguanas
  8 orc wizards
  3 adders
  7 gnolls (Bailey)
  A white imp (D:7)
  2 ufetubi
  2 dart slugs
  2 worms
  19 orcs
  3 ball pythons (D:1)
  8 endoplasms
  26 goblins
  16 hobgoblins
  3 jackals (D:5)
  4 quokkas
  7 bats
  6 frilled lizards
  11 kobolds
  4 rats
  A butterfly (D:6)
163 creatures vanquished.

Notes
Turn   | Place    | Note
-------+----------+-------------------------------------------
     0 | D:1      | Errthou the Minotaur Berserker began the quest for the Orb.
     0 | D:1      | Reached XP level 1. HP: 19/19 MP: 0/0
    56 | D:1      | Reached skill level 4 in Axes
    97 | D:1      | Reached XP level 2. HP: 26/26 MP: 1/1
   607 | D:1      | Reached skill level 5 in Axes
   618 | D:1      | Reached XP level 3. HP: 28/31 MP: 2/2
   921 | D:2      | Reached ** piety under Trog
  1952 | D:3      | Reached skill level 6 in Axes
  1952 | D:3      | Reached XP level 4. HP: 37/39 MP: 3/3
  2252 | D:4      | Found a blossoming altar of Fedhas.
  2255 | D:4      | Noticed a necrophage
  2260 | D:4      | Killed a necrophage
  2353 | D:4      | Reached XP level 5. HP: 45/45 MP: 4/4
  2680 | D:4      | Reached skill level 7 in Axes
  2823 | D:4      | Found a radiant altar of Vehumet.
  2830 | D:4      | Reached skill level 1 in Throwing
  2833 | D:4      | Found an ancient bone altar of Kikubaaqudgha.
  2910 | D:4      | Found a shimmering blue altar of Sif Muna.
  2936 | D:4      | Reached XP level 6. HP: 40/51 MP: 5/5
  3139 | D:5      | Entered Level 5 of the Dungeon
  3472 | D:5      | Reached skill level 8 in Axes
  3770 | D:5      | Reached XP level 7. HP: 47/57 MP: 6/6
  3771 | D:5      | Reached skill level 9 in Axes
  4345 | D:6      | Found Aliatolu's Weapon Shoppe.
  4406 | D:6      | Found Caat's Antique Weapon Boutique.
  4486 | D:6      | Found Kobb's Distillery.
  4501 | D:6      | Reached skill level 10 in Axes
  4681 | D:6      | Found a staircase to the Ecumenical Temple.
  4915 | D:6      | Found a glowing golden altar of the Shining One.
  5154 | D:6      | Reached skill level 11 in Axes
  5154 | D:6      | Reached XP level 8. HP: 64/64 MP: 7/7
  5306 | D:7      | Reached *** piety under Trog
  5411 | D:7      | Reached skill level 12 in Axes
  5554 | D:7      | Found a flagged portal.
  5569 | Bailey   | Entered a bailey
  5932 | Bailey   | Reached skill level 13 in Axes
  5957 | Bailey   | Reached XP level 9. HP: 40/70 MP: 8/8
  6029 | Bailey   | Reached skill level 14 in Axes
  6185 | Bailey   | Noticed an orc warlord
  6204 | Bailey   | Reached **** piety under Trog
  6213 | Bailey   | Demolished by an orc warrior

Illustrated notes

Levels and vault maps discovered:
D:1:      heliophobic_arrival_glass_houses, layout_basic
D:2:      layout_basic
D:3:      layout_rooms, grunt_decor_resistance, minmay_misc_feat_ornament
D:4:      layout_loops_ring, palyth_temple_overflow_mages, fedhas_altar_2,
          serial_rivers, chequers_serial_rivers_micro_d,
          chequers_serial_rivers_small_b, chequers_serial_rivers_marsh,
          chequers_serial_rivers_micro_b, chequers_serial_rivers_small_b
D:5:      layout_loops_ring
D:6:      layout_cave_pods, nicolae_tso_swordbearing_angel,
          minmay_temple_entry_butterflies, serial_shops, shop, shop_statue, shop
D:7:      layout_basic, serial_shops, nicolae_shop_advertising_works
          [nicolae_subvault_shop_adworks], enter_bailey_3
Bailey:   bailey_axe_minmay_hex_keep, bailey

Skill      XL: |  1  2  3  4  5  6  7  8  9 |
---------------+----------------------------+-----
Axes           | 4 5 6 7 8 11 13 14 | 14.4
Throwing       | 2 3 |  3.0
Fighting       | |  3.6
Armour         | |  2.4
Dodging        | |  2.1

Action                   |  1- 3 |  4- 6 |  7- 9 || total
-------------------------+-------+-------+-------++-------
Melee: Hand axe          |    93 |   142 |   246 ||   481
       Headbutt          |    12 |    12 |    53 ||    77
       Punch             |     1 |     2 |     2 ||     5
Throw: Stone             |       |     4 |     2 ||     6
Invok: Berserk           |       |     2 |     2 ||     4
       Trog's Hand       |       |     2 |     2 ||     4
  Use: Scroll            |       |     4 |     1 ||     5
 Stab: Sleeping          |     1 |     1 |       ||     2
Armor: Animal skin       |    13 |     1 |       ||    14
       Ring mail         |       |    61 |    49 ||   110
Dodge: Dodged            |    54 |    43 |    74 ||   171

Table legend: (Time is in decaauts)
 A = Elapsed time spent in this place.
 B = Non-inter-level travel time spent in this place.
 C = Inter-level travel time spent in this place.
 D = Time resting spent in this place.
 E = Time spent auto-exploring this place.
 F = Levels seen in this place.
 G = Mean time per level.
                   A        B        C        D        E       F      G
               +--------+--------+--------+--------+--------+-----+--------+
         Total |   6156 |   6017 |    139 |   1065 |   3901 |   8 |  769.5 |
       Dungeon |   5555 |   5416 |    139 |    730 |   3901 |   7 |  793.6 |
        Bailey |    600 |    600 |      0 |    334 |      0 |   1 |  600.0 |
               +--------+--------+--------+--------+--------+-----+--------+

Top non-repeatable levels by time:
     D:5: 1116 daAuts
     D:4: 1106 daAuts
     D:6: 948 daAuts
     D:1: 806 daAuts
     D:2: 649 daAuts
  Bailey: 600 daAuts
     D:3: 600 daAuts
     D:7: 328 daAuts
